 Dungeon Crawl Stone Soup version 0.20-a0-1089-g3fde505 (webtiles) character file.

220 Alarkh the Chopper (level 5, -3/61 HPs)
             Began as a Demonspawn Berserker on May 3, 2017.
             Was a Priest of Trog.
             Slain by a bullfrog (5 damage)
             ... on level 4 of the Dungeon.
             The game lasted 00:02:59 (4080 turns).

Alarkh the Chopper (Demonspawn Berserker)           Turns: 4080, Time: 00:03:00

Health: -3/61      AC:  6    Str: 22    XL:     5   Next: 64%
Magic:  5/5        EV: 12    Int:  9    God:    Trog [***...]
Gold:   177        SH:  0    Dex: 13    Spells: 4/4 levels left

rFire    + . .     SeeInvis .   a - +0 hand axe
rCold    + . .     Gourm    +   (no shield)
rNeg     . . .     Faith    .   r - +3 leather armour {rC+}
rPois    .         Spirit   .   (no helmet)
rElec    .         Reflect  .   (no cloak)
rCorr    .         Harm     .   (no gloves)
MR       .....                  (no boots)
Stlth    ..........             i - amulet of the gourmand
Regen    0.2/turn               (no ring)
MPRegen  0.1/turn               (no ring)

@: berserking, lethally poisoned (-3 -> -14), very quick
A: fire resistance 1, nightstalker 1
a: Berserk, Trog's Hand, Burn Spellbooks, Renounce Religion


You were on level 4 of the Dungeon.
You worshipped Trog.
Trog was most pleased with you.
You were very full.

You visited 1 branch of the dungeon, and saw 4 of its levels.

You collected 177 gold pieces.

Inventory:

Hand Weapons
 a - a +0 hand axe (weapon)
Armour
 b - a +0 animal skin
 m - the +5 ring mail of Sogusuyg {Regen+ rCorr Dex-4 SInv, unknown}
   (You found it on level 4 of the Dungeon)

   It affects your dexterity (-4).
   It lets you see invisible.
   It increases your rate of regeneration.
   It protects you from acid and corrosion.
 r - a +3 leather armour of cold resistance (worn)
Jewellery
 f - an uncursed amulet of rage
 i - an amulet of the gourmand (around neck)
Wands
 s - a wand of lightning (7/15)
Scrolls
 e - a scroll of identify
 g - a scroll of recharging
 h - a scroll of amnesia {unknown}
 o - a scroll of noise {unknown}
 p - a scroll of enchant armour {unknown}
Potions
 d - a potion of mutation
 l - 2 potions of haste
 n - a potion of degeneration
Comestibles
 c - 3 bread rations
 j - a meat ration
 k - a royal jelly


   Skills:
 - Level 3.0 Fighting
 + Level 5.8 Axes
 - Level 1.7 Armour
 - Level 1.7 Dodging


You had 4 spell levels left.
You didn't know any spells.

Dungeon Overview and Level Annotations

Branches:
Dungeon (4/15)
 Temple: D:4-7

Altars:
Makhleb


Innate Abilities, Weirdness & Mutations

Your flesh is heat resistant. (rF+)
You are slightly more attuned to the shadows.


Message History

You are lethally poisoned!
Something hits you.
A red film seems to cover your vision as you go berserk!
You feel yourself moving faster!
You feel mighty!
You feel sick. The bullfrog misses you.
You slash the orc!
You kill the orc!
Trog accepts your kill.
You slash something! You slash the bullfrog!
You feel sick. The bullfrog hits you.
* * * LOW HITPOINT WARNING * * *
You closely miss the orc. You closely miss the bullfrog.
You barely miss something.
You feel sick. The bullfrog hits you.
* * * LOW HITPOINT WARNING * * *
The orc hits you with a mace.
* * * LOW HITPOINT WARNING * * *
You barely miss the orc. You miss something. You closely miss the bullfrog.
* * * LOW HITPOINT WARNING * * *
You feel sick. The bullfrog hits you.
You die...

###.### #[....#
###.....######
######............#
#...............#.#
#.....≈.........#.#
#.....≈.......[.#.#
#.....≈≈≈.......#o#.#..
#....≈≈≈≈≈......@.....[
#....≈≈≈≈≈≈≈≈...#F##...
....≈≈≈≈≈≈≈≈≈≈≈.#%#
...≈≈§≈§≈≈≈≈≈≈≈≈#.#
..≈≈≈≈≈≈§≈≈≈≈≈≈≈..#
.≈≈§≈≈≈≈≈≈≈≈≈≈≈...#
.≈≈≈§.≈≈ ≈..... .#
...≈≈≈≈§ ........


You could see a bullfrog and an orc.

Vanquished Creatures
  2 orc priests (D:3)
  Ijyb (D:4)
  A gnoll (D:1)
  3 adders
  2 worms
  4 dart slugs
  2 leopard geckos (D:1)
  9 orcs
  8 bats
  4 giant cockroaches
  10 goblins
  6 hobgoblins
  6 jackals
  7 frilled lizards
  7 kobolds
  7 rats
79 creatures vanquished.

Notes
Turn   | Place    | Note
-------+----------+-------------------------------------------
     0 | D:1      | Alarkh the Demonspawn Berserker began the quest for the Orb.
     0 | D:1      | Reached XP level 1. HP: 18/18 MP: 1/1
   107 | D:1      | Reached skill level 3 in Axes
   501 | D:1      | Gained mutation: You are slightly more attuned to the shadows. [demonic ancestry]
   501 | D:1      | Reached XP level 2. HP: 24/24 MP: 2/2
   906 | D:1      | Gained mutation: Your flesh is heat resistant. (rF+) [demonic ancestry]
   906 | D:1      | Reached XP level 3. HP: 29/29 MP: 3/3
  1099 | D:1      | Reached ** piety under Trog
  1249 | D:2      | Reached skill level 4 in Axes
  1813 | D:2      | Reached XP level 4. HP: 20/35 MP: 4/4
  2893 | D:3      | Reached skill level 5 in Axes
  2893 | D:3      | Reached XP level 5. HP: 41/41 MP: 5/5
  2952 | D:3      | Found a burning altar of Makhleb.
  3090 | D:3      | Found a faded altar of an unknown god.
  3113 | D:3      | Reached *** piety under Trog
  3890 | D:4      | Noticed Ijyb
  3902 | D:4      | Killed Ijyb
  4064 | D:4      | Got a crude ring mail
  4079 | D:4      | HP: 3/61 [orc/mace (6)]
  4080 | D:4      | Slain by a bullfrog

Vault maps used:
D:1:      tarquinn_simple_flora_water_a, minmay_misc_feat_rows
D:3:      old_standard_altar, chequers_ecumenical_altar_twisty
D:4:      first_bread, lemuel_old_faithful, uniq_grinder, uniq_ijyb

Skill      XL: |  1  2  3  4 |
---------------+-------------+-----
Axes           | 3 4 5 |  5.8
Fighting       | |  3.0
Armour         | |  1.7
Dodging        | |  1.7

Action                   |  1- 3 |  4- 6 || total
-------------------------+-------+-------++-------
Melee: Hand axe          |   123 |   130 ||   253
Invok: Berserk           |     5 |     4 ||     9
  Use: Scroll            |       |     4 ||     4
       Potion            |       |     1 ||     1
 Stab: Sleeping          |     8 |     2 ||    10
  Eat: Chunk             |     7 |    20 ||    27
Armor: Animal skin       |    30 |    19 ||    49
       Leather armour    |       |     5 ||     5
Dodge: Dodged            |    75 |    75 ||   150
